 Dungeon Crawl Stone Soup version 0.28-a0-687-gb91baff9cc (webtiles) character file.

Game seed: 15637072148873884821

60 omnomnOMINOUS the Ducker (level 4, -2/30 HPs)
             Began as an Octopode Wanderer on Oct 19, 2021.
             Was an Initiate of Gozag.
             Slain by a goblin (5 damage)
             ... led by Robin
             ... on level 2 of the Dungeon.
             The game lasted 00:03:48 (1216 turns).

omnomnOMINOUS the Ducker (Octopode Wanderer)        Turns: 1216, Time: 00:03:49

Health: -2/30      AC:  1    Str: 11    XL:     4   Next: 6%
Magic:  4/4        EV: 13    Int: 14    God:    Gozag
Gold:   227        SH:  0    Dex: 12    Spells: 3/3 levels left

rFire   . . .      SeeInvis .   a - +2 spear
rCold   . . .      Faith    .   (no shield)
rNeg    . . .      Spirit   .   (helmet restricted)
rPois   .          Reflect  .   (no amulet)
rElec   .          Harm     .   (no ring)
rCorr   .          Rampage  .   (no ring)
Will    .....                   (no ring)
Stlth   +++.......              (no ring)
HPRegen 0.10/turn               (no ring)
MPRegen 0.09/turn               (no ring)
                                (no ring)
                                (no ring)

@: flying
A: almost no armour, amphibious, 8 rings, camouflage 1, gelatinous body 1,
(nimble swimmer 1), tentacles
a: Renounce Religion, Potion Petition, Call Merchant, Bribe Branch


You were on level 2 of the Dungeon.
You worshipped Gozag.
Gozag was aware of your devotion.
You visited 1 branch of the dungeon, and saw 4 of its levels.

You collected 227 gold pieces.

Inventory:

Hand Weapons
 a - a +2 spear (weapon)
Scrolls
 b - 3 scrolls of teleportation
 e - a scroll of torment {unknown}
 f - 2 scrolls of identify {unknown}
 g - a scroll of immolation {unknown}
Potions
 c - a potion of flight
 d - 2 potions of lignification {unknown}


   Skills:
 + Level 2.8 Fighting
 + Level 2.2(2.6) Polearms
 - Level 2.0(2.5) Staves
 + Level 2.9 Dodging
 - Level 2.6 Stealth
 - Level 1.1 Evocations


You had 3 spell levels left.
You didn't know any spells.
Your spell library was empty.

Dungeon Overview and Level Annotations

Branches:
Dungeon (4/15)
 Temple: D:4-7

Altars:
Gozag
Qazlal

Annotations:
D:2 Robin


Innate Abilities, Weirdness & Mutations

You cannot wear most types of armour.
You are amphibious.
You can wear up to eight rings at the same time.
Your skin changes colour to match your surroundings (Stealth+).
Your rubbery body absorbs attacks. (AC +1, EV +1)
((You are camouflaged near water. (Stealth+)))
You have tentacles for arms and can constrict up to eight enemies at once.


Message History

An endoplasm comes into view.
A dart slug comes into view.
The dart slug is distracted by your dazzling golden aura.
You open the door.
There is an open door here.
The goblin shouts!
You hear a shout!
The goblin closely misses you.
You hit the goblin.
You kill the goblin!
Robin of the Strong Arm comes into view.
They are wielding a +0 club.
You closely miss the goblin.
Robin shouts!
Your grab misses the goblin.
You hear a shout!
The goblin is distracted by your dazzling golden aura.
A goblin comes into view. It is wielding a +0 dagger.
You barely miss the goblin.
The goblin is no longer distracted by gold.
The goblin shouts!
Your grab misses the goblin. The goblin hits you with a +0 club.
* * * LOW HITPOINT WARNING * * *
Okay, then.
Unknown command.
Robin roars a battlecry!
The goblins go into a battle-frenzy!
Robin laughs in a distinctly smug fashion.
Robin says, "Duck!"
You hit the goblin.
You kill the goblin!
A goblin comes into view. It is wielding a +0 club.
Robin throws the goblin at you!
The goblin unwields a +0 club.
The goblin wields a +0 hunting sling.
The goblin shoots a stone.
The stone barely misses you.
A goblin comes into view. It is wielding a +0 dagger.
It was a potion of flight.
You feel very buoyant.
You fly up into the air.
The frilled lizard closely misses you. The goblin hits you with a +0 dagger.
You die...
Your body crumbles into a pile of gold.

#.#...#####...##.$....##
#.........'.$.g$$......#
##...#....#...##.......#
#...#..).#...##.......#
#...#....###g..##......#
#...#..........##......#
....+.......$............
.....###..$.g.....###...###
#......@g$.### ####
#.......l..# #....####..#
#....# #..# #..... ...#
....... .... .##### ###..P
#. ..## . #. .#.


You could see Robin, 3 goblins and a frilled lizard.

Vanquished Creatures
  An adder skeleton (D:2)
  A dart slug (D:1)
  5 ball pythons
  4 bats
  4 endoplasms
  2 giant cockroaches (D:1)
  9 goblins
  6 hobgoblins
  7 jackals (D:2)
  A kobold (D:1)
  2 quokkas
  2 frilled lizards (D:1)
  2 rats
46 creatures vanquished.

Notes
Turn   | Place    | Note
-------+----------+-------------------------------------------
     0 | D:1      | omnomnOMINOUS the Octopode Wanderer began the quest for the
                  | Orb.
     0 | D:1      | omnomnOMINOUS set off with the following items: a +2 spear,
                  | 2 scrolls of teleportation, a +0 dagger
     0 | D:1      | Reached XP level 1. HP: 14/14 MP: 1/1
   138 | D:1      | Reached XP level 2. HP: 12/19 MP: 2/2
   482 | D:1      | Found a faded altar of an unknown god.
   510 | D:1      | Prayed at the altar of an unknown god.
   510 | D:1      | Became a worshipper of Gozag Ym Sagoz the Greedy
   659 | D:1      | Reached XP level 3. HP: 25/25 MP: 3/3
   874 | D:2      | You fall into a shaft and drop 2 floors!
   874 | D:4      | Found a stormy altar of Qazlal.
  1171 | D:2      | HP: 1/25 [hobgoblin[Robin] (4)]
  1187 | D:2      | Reached XP level 4. HP: 2/30 MP: 4/4
  1203 | D:2      | Noticed Robin
  1216 | D:2      | Slain by a goblin

Illustrated notes

Levels and vault maps discovered:
D:1:      grunt_arrival_crossed_arrows, layout_loops_ring,
          shapermc_ecumenical_altar_starsandcircs
D:2:      layout_basic, basic_altar, minmay_lizard_king,
          uniq_crazy_yiuf_cottage, uniq_robin
D:3:      layout_basic, mainiacjoe_overflow_cross_hatched,
          nicolae_uskayaw_dance_hall, gup_sewer_entry_glass, uniq_sigmund
D:4:      layout_rooms, nicolae_qazlal_general_emergency, corner_web_ring

Skill      XL: |  1  2  3 |
---------------+----------+-----
Polearms       | 2 |  2.2
Fighting       | |  2.8
Staves         | |  2.0
Dodging        | |  2.9
Stealth        | |  2.6
Evocations     | |  1.1

Action                   |  1- 3 |  4- 6 || total
-------------------------+-------+-------++-------
Melee: Spear             |    87 |     5 ||    92
       Constrict         |    20 |       ||    20
       Tentacles         |    12 |       ||    12
  Use: Potion            |       |     1 ||     1
 Stab: Sleeping          |    10 |       ||    10
Armor: Skin              |     6 |     1 ||     7
Dodge: Dodged            |    32 |     3 ||    35

Table legend: (Time is in decaauts)
 A = Elapsed time spent in this place.
 B = Non-inter-level travel time spent in this place.
 C = Inter-level travel time spent in this place.
 D = Time resting spent in this place.
 E = Time spent auto-exploring this place.
 F = Levels seen in this place.
 G = Mean time per level.
                   A        B        C        D        E       F      G
               +--------+--------+--------+--------+--------+-----+--------+
         Total |   1214 |   1200 |     14 |      0 |    764 |   4 |  303.5 |
       Dungeon |   1214 |   1200 |     14 |      0 |    764 |   4 |  303.5 |
               +--------+--------+--------+--------+--------+-----+--------+

Top non-repeatable levels by time:
     D:1: 874 daAuts
     D:2: 162 daAuts
     D:3: 121 daAuts
     D:4: 56 daAuts
